Coyotes vs Blues
(R2)
Created - May 7, 2018 at 19:03
Goals
|
| Coyotes |
4 |
2 |
3 |
9 |
| Blues |
0 |
1 |
1 |
2 |
|
Shots
|
| Coyotes |
12 |
13 |
14 |
39 |
| Blues |
9 |
13 |
10 |
32 |
|
1st period
1. Coyotes , Jarome Iginla 2 (Tyler Ennis 2, Kristopher Letang 1) at 13:24
2. Coyotes , Jarome Iginla 3 (Nazem Kadri 1, Tyler Ennis 3) at 17:30 (PP)
3. Coyotes , Jarome Iginla 4 (Anton Stralman 2, Kristopher Letang 2) at 18:07
4. Coyotes , Tyler Ennis 2 (Nazem Kadri 2, Jarome Iginla 1) at 18:57
Penalties :
Milan Michalek (STL) for Tripping (Minor) at 3:02, Tyler Ennis (Ari) for Hooking (Minor) at 5:45, Nicklas Backstrom (STL) for Hooking (Minor) at 10:36, Milan Michalek (STL) for Hooking (Minor) at 13:48, Milan Michalek (STL) for Hooking (Minor) at 16:15
2nd period
5. Coyotes , Brad Richards 1 (Marian Gaborik 1) at 4:48
6. Coyotes , Nazem Kadri 1 (Anton Stralman 3, Tyler Ennis 4) at 10:38
7. Blues , B.J. Crombeen 1 (Alex Pietrangelo 3) at 13:12 (PP)
Penalties :
Marcel Hossa (STL) for Hooking (Minor) at 1:00, Zach Parise (Ari) for High sticking (Minor) at 11:55, Jason Pominville (STL) for Hooking (Minor) at 17:33
3rd period
8. Coyotes , Zach Parise 1 (Brad Richards 1, Anton Stralman 4) at 0:51
9. Blues , Nicklas Backstrom 1 (Milan Michalek 1, Ray Emery) at 6:06
10. Coyotes , Josh Gorges 1 (Nazem Kadri 3, Kristopher Letang 3) at 13:31 (PP)
11. Coyotes , Greg Zanon 1 (Martin Samuelsson 1) at 18:33
Penalties :
Jason Pominville (STL) for Fighting (Major) at 0:05, Kristopher Letang (Ari) for Fighting (Major) at 0:05, Nicklas Backstrom (STL) for Hooking (Minor) at 3:36, Milan Michalek (STL) for Fighting (Major) at 7:52, Zach Parise (Ari) for Fighting (Major) at 7:52, Jason Pominville (STL) for Holding (Minor) at 7:55, Marcel Hossa (STL) for Roughing (Minor) at 12:43
Goalie Stats
Maxime Daigneault (Ari), 30 saves from 32 shots - (0.938), W, 1-0-0, 60:00 minutes
Carey Price (STL), 8 saves from 12 shots - (0.667), L, 1-1-0, 18:57 minutes
Ray Emery (STL), 22 saves from 27 shots - (0.815), 41:03 minutes
Players Stats for Coyotes
Player Name G A P +/- PIM S H SB GA TA FO MP PP MP PK MP
------------------------------------------------------------------------------------
Anton Stralman 0 3 3 6 0 2 1 3 2 1 0/0 27:35 9:01 1:17
Brad Richards 1 1 2 2 0 3 0 2 1 0 17/38 23:12 8:41 0:56
Brooks Laich 0 0 0 1 0 1 1 1 0 1 2/9 11:28 0:00 2:03
Chris Stewart 0 0 0 1 0 1 1 1 0 0 0/1 10:17 0:49 0:00
Enver Lisin 0 0 0 -1 0 3 1 0 0 0 0/0 6:19 0:00 0:00
Greg Zanon 1 0 1 1 0 2 2 0 1 0 0/0 14:38 0:41 1:59
Jarome Iginla 3 1 4 4 0 5 2 0 0 1 0/0 19:29 7:15 0:45
Josh Gorges 1 0 1 0 0 2 1 3 1 0 0/0 19:59 6:55 1:59
Kristopher Letang 0 3 3 4 5 1 0 3 0 0 0/0 24:48 7:41 1:17
Marian Gaborik 0 1 1 2 0 1 2 1 3 0 1/1 22:07 8:41 0:00
Mark Bell 0 0 0 -1 0 0 0 0 1 0 0/0 7:34 0:17 0:28
Martin Samuelsson 0 1 1 1 0 1 0 0 1 0 0/0 11:20 0:00 1:45
Matt Niskanen 0 0 0 1 0 0 1 0 1 0 0/0 12:40 0:39 0:00
Michael Del Zotto 0 0 0 0 0 0 0 2 1 0 0/0 20:19 6:55 0:00
Nazem Kadri 1 3 4 4 0 6 2 0 0 0 10/16 18:44 7:15 0:00
Nick Bonino 0 0 0 -1 0 1 1 0 0 0 1/2 6:19 0:00 0:00
Tyler Ennis 1 3 4 4 2 4 3 0 1 0 1/2 18:52 7:15 0:00
Zach Parise 1 0 1 2 7 6 3 1 0 1 2/2 21:00 7:35 0:35
Players Stats for Blues
Player Name G A P +/- PIM S H SB GA TA FO MP PP MP PK MP
------------------------------------------------------------------------------------
Alex Pietrangelo 0 1 1 -2 0 4 4 3 0 4 0/0 29:34 2:48 9:50
B.J. Crombeen 1 0 1 -1 0 1 1 1 0 0 1/1 12:15 1:48 0:00
Brock Trotter 0 0 0 0 0 0 0 1 0 1 0/0 7:53 0:00 2:34
Bryce Lampman 0 0 0 -2 0 1 6 2 0 1 0/0 27:51 0:28 9:50
Christian Ehrhoff 0 0 0 -1 0 0 0 1 0 1 0/0 10:38 0:00 0:00
Jake Gardiner 0 0 0 -3 0 3 1 2 0 1 0/0 21:31 2:48 6:06
Jason Pominville 0 0 0 -3 9 4 2 2 0 1 0/0 19:07 1:28 3:34
Linus Omark 0 0 0 -1 0 1 2 0 0 0 0/0 12:01 1:28 0:00
Logan Couture 0 0 0 -2 0 1 0 0 0 0 5/7 16:43 0:00 6:03
Marcel Hossa 0 0 0 -2 4 0 1 0 0 0 0/0 10:41 0:00 0:00
Milan Michalek 0 1 1 -3 11 3 2 0 1 0 0/1 15:57 1:48 0:06
Nicklas Backstrom 1 0 1 -3 4 1 1 0 1 2 17/36 18:26 1:28 2:00
Patrick Kaleta 0 0 0 0 0 2 0 0 0 0 1/2 14:44 0:00 8:50
Sergei Shirokov 0 0 0 -2 0 3 0 0 1 0 0/0 10:18 0:00 0:00
Tomas Plekanec 0 0 0 0 0 0 1 0 0 0 2/2 4:33 0:00 0:06
Travis Zajac 0 0 0 -1 0 6 3 1 1 1 11/22 21:29 1:48 8:53
Victor Hedman 0 0 0 -3 0 1 1 0 0 1 0/0 12:54 0:28 0:00
Yann Sauvé 0 0 0 -1 0 1 1 0 0 0 0/0 17:32 0:00 6:06
3 Stars
1 - Jarome Iginla (Ari)
2 - Nazem Kadri (Ari)
3 - Tyler Ennis (Ari)
Power Play
Coyotes - 2 on 9 Attempt(s) - 22.22%
Blues - 1 on 2 Attempt(s) - 50.00%
Penalty Kill
Coyotes - 1 on 2 Attempt(s) - 50.00%
- Score 0 goal in Penalty Kill
Blues - 7 on 9 Attempt(s) - 77.78%
- Score 0 goal in Penalty Kill
Team Stat
Coyotes - Hits : 21 - Faceoff Wins : 34 - Blocked Shots : 17 - Penalty Minutes : 14
Blues - Hits : 26 - Faceoff Wins : 37 - Blocked Shots : 13 - Penalty Minutes : 28
Official
Referees : Auger Stephane and Hasenfratz Mike
Linesman : Bryan Pancich and Thor Nelson
Game Notes
Jarome Iginla has scored a Hat Trick!
Ray Emery enters game at 18:57 of 1st period
Jason Pominville beats up Kristopher Letang at 0:05 of 3rd period
Milan Michalek beats up Zach Parise at 7:52 of 3rd period
Finance
Level 1 -- Attendance: 6000 (100.00%) -- Ticket Income $534,000
Level 2 -- Attendance: 5000 (100.00%) -- Ticket Income $285,000
Level 3 -- Attendance: 2000 (100.00%) -- Ticket Income $70,000
Level 4 -- Attendance: 4000 (100.00%) -- Ticket Income $96,000
Luxury Box -- Attendance: 866 (86.60%) -- Ticket Income $150,684
Game was played at the Scotttrade center.
Total Attendance: 17866 (99.26%)
Total Ticket Income: $1,135,684
Other Income: $170,353
Total Income: $1,306,037
Coyotes
5 vs 5 Forward
Center Left Wing Right Wing Time % Phy DF OF
1 Brad Richards Zach Parise Marian Gaborik 40 0 2 3
2 Nazem Kadri Tyler Ennis Jarome Iginla 34 0 2 3
3 Brooks Laich Martin Samuelsson Chris Stewart 16 0 3 2
4 Nick Bonino Mark Bell Enver Lisin 10 0 3 2
5 vs 5 Defense
Defense Defense Time % Phy DF OF
1 Kristopher Letang Anton Stralman 40 0 3 2
2 Josh Gorges Michael Del Zotto 30 0 3 2
3 Greg Zanon Matt Niskanen 20 0 3 2
4 Kristopher Letang Michael Del Zotto 10 0 3 2
PowerPlay Forward
Center Left Wing Right Wing Time % Phy DF OF
1 Brad Richards Zach Parise Marian Gaborik 60 0 1 3
2 Nazem Kadri Tyler Ennis Jarome Iginla 40 0 1 4
PowerPlay Defense
Defense Defense Time % Phy DF OF
1 Kristopher Letang Anton Stralman 60 0 2 3
2 Josh Gorges Michael Del Zotto 40 0 2 3
Penalty Kill 4 Players Forward
Center Wing Time % Phy DF OF
1 Brooks Laich Martin Samuelsson 60 1 3 1
2 Brad Richards Zach Parise 40 1 3 1
Penalty Kill 4 Players Defense
Defense Defense Time % Phy DF OF
1 Greg Zanon Josh Gorges 60 1 4 0
2 Anton Stralman Kristopher Letang 40 1 4 0
Penalty Kill - 3 Players Forward
Forward Time % Phy DF OF
1 Zach Parise 60 1 3 1
2 Jarome Iginla 40 1 3 1
Penalty Kill - 3 Players Defense
Defense Defense Time % Phy DF OF
1 Kristopher Letang Josh Gorges 60 1 4 0
2 Anton Stralman Greg Zanon 40 1 4 0
4 vs 4 Forward
Center Wing Time % Phy DF OF
1 Brad Richards Marian Gaborik 60 0 2 3
2 Jarome Iginla Tyler Ennis 40 0 2 3
4 vs 4 Defense
Defense Defense Time % Phy DF OF
1 Kristopher Letang Anton Stralman 60 0 3 2
2 Josh Gorges Greg Zanon 40 0 3 2
Last Minutes Offensive
Center Left Wing Right Wing Defense Defense
Brad Richards Zach Parise Marian Gaborik Kristopher Letang Michael Del Zotto
Last Minutes Defensive
Center Left Wing Right Wing Defense Defense
Brad Richards Zach Parise Jarome Iginla Greg Zanon Anton Stralman
Goaltenders
Starting : Maxime Daigneault
Backup : Cam Ward
Extra Forwards
Normal : Chris Stewart, Mark Bell, Martin Samuelsson - PP : Chris Stewart, Mark Bell - PK : Jarome Iginla
Extra Defensemen
Normal : Michael Del Zotto, Greg Zanon, Matt Niskanen - PP : Matt Niskanen - PK : Michael Del Zotto, Matt Niskanen
Penalty Shots
Tyler Ennis, Marian Gaborik, Zach Parise, Jarome Iginla, Brad Richards
Scratches
Maxim Talbot (Concussion Injury)
Blues
5 vs 5 Forward
Center Left Wing Right Wing Time % Phy DF OF
1 Nicklas Backstrom Milan Michalek Jason Pominville 40 1 2 2
2 Travis Zajac Linus Omark B.J. Crombeen 30 1 2 2
3 Logan Couture Marcel Hossa Sergei Shirokov 20 1 2 2
4 Tomas Plekanec Brock Trotter Patrick Kaleta 10 1 2 2
5 vs 5 Defense
Defense Defense Time % Phy DF OF
1 Alex Pietrangelo Bryce Lampman 40 1 2 2
2 Jake Gardiner Victor Hedman 30 1 2 2
3 Christian Ehrhoff Yann Sauvé 20 1 2 2
4 Jake Gardiner Yann Sauvé 10 1 2 2
PowerPlay Forward
Center Left Wing Right Wing Time % Phy DF OF
1 Nicklas Backstrom Linus Omark Jason Pominville 60 1 2 2
2 Travis Zajac Milan Michalek B.J. Crombeen 40 1 2 2
PowerPlay Defense
Defense Defense Time % Phy DF OF
1 Jake Gardiner Alex Pietrangelo 60 1 2 2
2 Victor Hedman Bryce Lampman 40 1 2 2
Penalty Kill 4 Players Forward
Center Wing Time % Phy DF OF
1 Travis Zajac Patrick Kaleta 60 1 2 2
2 Logan Couture Jason Pominville 40 1 2 2
Penalty Kill 4 Players Defense
Defense Defense Time % Phy DF OF
1 Alex Pietrangelo Bryce Lampman 60 1 2 2
2 Yann Sauvé Jake Gardiner 40 1 2 2
Penalty Kill - 3 Players Forward
Forward Time % Phy DF OF
1 Travis Zajac 60 1 2 2
2 Tomas Plekanec 40 1 2 2
Penalty Kill - 3 Players Defense
Defense Defense Time % Phy DF OF
1 Bryce Lampman Yann Sauvé 60 1 2 2
2 Alex Pietrangelo Jake Gardiner 40 1 2 2
4 vs 4 Forward
Center Wing Time % Phy DF OF
1 Travis Zajac Sergei Shirokov 60 1 2 2
2 Nicklas Backstrom Linus Omark 40 1 2 2
4 vs 4 Defense
Defense Defense Time % Phy DF OF
1 Victor Hedman Alex Pietrangelo 60 1 2 2
2 Bryce Lampman Jake Gardiner 40 1 2 2
Last Minutes Offensive
Center Left Wing Right Wing Defense Defense
Nicklas Backstrom Milan Michalek Jason Pominville Jake Gardiner Alex Pietrangelo
Last Minutes Defensive
Center Left Wing Right Wing Defense Defense
Travis Zajac Milan Michalek Patrick Kaleta Bryce Lampman Yann Sauvé
Goaltenders
Starting : Carey Price
Backup : Ray Emery
Extra Forwards
Normal : Patrick Kaleta, Logan Couture, Marcel Hossa - PP : Sergei Shirokov, Tomas Plekanec - PK : Nicklas Backstrom
Extra Defensemen
Normal : Jake Gardiner, Yann Sauvé, Victor Hedman - PP : Christian Ehrhoff - PK : Alex Pietrangelo, Victor Hedman
Penalty Shots
Marcel Hossa, Logan Couture, Nicklas Backstrom, Sergei Shirokov, Travis Zajac
Scratches
Derek Boogaard (Suspend), David Perron (Broken Bone (Left Foot) Injury), Rickard Wallin (Healthy)
% Time on Ice - Coyotes
Lines # - Real PCT - Wanted PCT - Time Play
Normal Forward
1 - 33% - 40% - 13:26
2 - 29% - 34% - 11:38
3 - 23% - 16% - 9:25
4 - 15% - 10% - 6:19
Normal Defense
1 - 41% - 40% - 16:33
2 - 29% - 30% - 11:49
3 - 29% - 20% - 11:58
4 - 1% - 10% - 0:28
PP Forward
1 - 54% - 60% - 8:41
2 - 46% - 40% - 7:15
PP Defense
1 - 57% - 60% - 9:01
2 - 43% - 40% - 6:55
PK Forward
1 - 71% - 60% - 2:20
2 - 29% - 40% - 0:56
PK Defense
1 - 61% - 60% - 1:59
2 - 39% - 40% - 1:17
PK3 Forward
1 - 0% - 60%
2 - 0% - 40%
PK3 Defense
1 - 0% - 60%
2 - 0% - 40%
44 Forward
1 - 0% - 60%
2 - 0% - 40%
44 Defense
1 - 0% - 60%
2 - 0% - 40%
Last Minute Offensive - 0:00
Last Minute Defensive - 0:00
Total
Forward - 60:00
Defense - 60:00
|
% Time on Ice - Blues
Lines # - Real PCT - Wanted PCT - Time Play
Normal Forward
1 - 38% - 40% - 15:21
2 - 26% - 30% - 10:48
3 - 25% - 20% - 10:18
4 - 11% - 10% - 4:21
Normal Defense
1 - 43% - 40% - 17:31
2 - 30% - 30% - 12:09
3 - 26% - 20% - 10:38
4 - 1% - 10% - 0:30
PP Forward
1 - 45% - 60% - 1:28
2 - 55% - 40% - 1:48
PP Defense
1 - 86% - 60% - 2:48
2 - 14% - 40% - 0:28
PK Forward
1 - 65% - 60% - 10:22
2 - 35% - 40% - 5:34
PK Defense
1 - 62% - 60% - 9:50
2 - 38% - 40% - 6:06
PK3 Forward
1 - 0% - 60%
2 - 0% - 40%
PK3 Defense
1 - 0% - 60%
2 - 0% - 40%
44 Forward
1 - 0% - 60%
2 - 0% - 40%
44 Defense
1 - 0% - 60%
2 - 0% - 40%
Last Minute Offensive - 0:00
Last Minute Defensive - 0:00
Total
Forward - 60:00
Defense - 60:00
|
Play by Play
1st period
0:01 of 1st period - Nicklas Backstrom wins face-off versus Brad Richards in neutral zone.
0:09 of 1st period - Wrist shot by Zach Parise.
0:09 of 1st period - Stopped by Carey Price with a rebound.
0:11 of 1st period - Snap shot by Marian Gaborik.
0:11 of 1st period - Shot Blocked by Alex Pietrangelo.
0:26 of 1st period - Icing by Zach Parise.
0:27 of 1st period - Travis Zajac wins face-off versus Brad Richards in Coyotes zone.
0:32 of 1st period - Wrist shot by Logan Couture.
0:32 of 1st period - Stopped by Maxime Daigneault with a rebound.
0:34 of 1st period - Slapshot by Victor Hedman.
0:34 of 1st period - Stopped by Maxime Daigneault without a rebound.
0:35 of 1st period - Tyler Ennis wins face-off versus Logan Couture in Coyotes zone.
0:44 of 1st period - Slapshot by Tyler Ennis.
0:44 of 1st period - Stopped by Carey Price without a rebound.
0:45 of 1st period - Travis Zajac wins face-off versus Nazem Kadri in Blues zone.
1:32 of 1st period - Slapshot by Nicklas Backstrom.
1:32 of 1st period - Shot Misses the Net.
1:38 of 1st period - Christian Ehrhoff is hit by Greg Zanon and loses puck.
2:31 of 1st period - Patrick Kaleta is hit by Brooks Laich.
3:02 of 1st period - Minor Penalty to Milan Michalek for Tripping.
3:03 of 1st period - Travis Zajac wins face-off versus Brad Richards in Blues zone.
3:03 of 1st period - Travis Zajac is hit by Zach Parise.
4:08 of 1st period - Jake Gardiner is hit by Tyler Ennis and loses puck.
4:23 of 1st period - Jason Pominville is hit by Josh Gorges and loses puck.
4:40 of 1st period - Alex Pietrangelo is hit by Tyler Ennis and loses puck.
5:02 of 1st period - Penalty to Milan Michalek is over, Milan Michalek is back on ice.
5:15 of 1st period - Slapshot by Jake Gardiner.
5:15 of 1st period - Stopped by Maxime Daigneault without a rebound.
5:16 of 1st period - Logan Couture wins face-off versus Brooks Laich in Coyotes zone.
5:19 of 1st period - Snap shot by Sergei Shirokov.
5:19 of 1st period - Shot Misses the Net.
5:21 of 1st period - Wrist shot by Jake Gardiner.
5:21 of 1st period - Stopped by Maxime Daigneault without a rebound.
5:22 of 1st period - Nazem Kadri wins face-off versus Nicklas Backstrom in Coyotes zone.
5:37 of 1st period - Wrist shot by Jason Pominville.
5:37 of 1st period - Shot Misses the Net.
5:39 of 1st period - Wrist shot by Jason Pominville.
5:39 of 1st period - Shot Blocked by Josh Gorges.
5:45 of 1st period - Minor Penalty to Tyler Ennis for Hooking.
5:46 of 1st period - Brooks Laich wins face-off versus Nicklas Backstrom in Coyotes zone.
6:01 of 1st period - Snap shot by Jason Pominville.
6:01 of 1st period - Stopped by Maxime Daigneault with a rebound.
6:03 of 1st period - Slapshot by Jake Gardiner.
6:03 of 1st period - Deflect By Nicklas Backstrom.
6:03 of 1st period - Shot Misses the Net.
6:03 of 1st period - Puck is out of play.
6:04 of 1st period - Brooks Laich wins face-off versus Milan Michalek in Coyotes zone.
7:10 of 1st period - Brooks Laich is hit by Linus Omark and loses puck.
7:21 of 1st period - Jason Pominville is hit by Jarome Iginla.
7:45 of 1st period - Penalty to Tyler Ennis is over, Tyler Ennis is back on ice.
8:04 of 1st period - Wrist shot by Logan Couture.
8:04 of 1st period - Shot Misses the Net.
8:56 of 1st period - Martin Samuelsson is hit by Bryce Lampman and loses puck.
9:44 of 1st period - Snap shot by Marian Gaborik.
9:44 of 1st period - Shot Blocked by Jake Gardiner.
10:21 of 1st period - Icing by Brooks Laich.
10:22 of 1st period - Nicklas Backstrom wins face-off versus Brooks Laich in Coyotes zone.
10:36 of 1st period - Minor Penalty to Nicklas Backstrom for Hooking.
10:37 of 1st period - Brad Richards wins face-off versus Travis Zajac in Blues zone.
10:48 of 1st period - Backhand shot by Marian Gaborik.
10:48 of 1st period - Stopped by Carey Price without a rebound.
10:49 of 1st period - Travis Zajac wins face-off versus Brad Richards in Blues zone.
11:16 of 1st period - Tyler Ennis is hit by Alex Pietrangelo and loses puck.
12:36 of 1st period - Penalty to Nicklas Backstrom is over, Nicklas Backstrom is back on ice.
12:39 of 1st period - Icing by Logan Couture.
12:40 of 1st period - Nicklas Backstrom wins face-off versus Brooks Laich in Blues zone.
13:05 of 1st period - Greg Zanon is hit by Linus Omark and loses puck.
13:10 of 1st period - Backhand shot by Travis Zajac.
13:10 of 1st period - Stopped by Maxime Daigneault without a rebound.
13:11 of 1st period - B.J. Crombeen wins face-off versus Nazem Kadri in Coyotes zone.
13:12 of 1st period - Slapshot by Alex Pietrangelo.
13:12 of 1st period - Stopped by Maxime Daigneault without a rebound.
13:13 of 1st period - Nicklas Backstrom wins face-off versus Nazem Kadri in Coyotes zone.
13:20 of 1st period - Slapshot by Anton Stralman.
13:20 of 1st period - Shot Misses the Net.
13:22 of 1st period - Slapshot by Kristopher Letang.
13:22 of 1st period - Shot Misses the Net.
13:24 of 1st period - Backhand shot by Tyler Ennis.
13:24 of 1st period - Deflect By Jarome Iginla.
13:24 of 1st period - Goal by Jarome Iginla - Coyotes : 1 - Blues : 0.
13:25 of 1st period - Nicklas Backstrom wins face-off versus Brad Richards in neutral zone.
13:28 of 1st period - Slapshot by Alex Pietrangelo.
13:28 of 1st period - Stopped by Maxime Daigneault with a rebound.
13:42 of 1st period - Wrist shot by Zach Parise.
13:42 of 1st period - Deflect By Brad Richards.
13:42 of 1st period - Stopped by Carey Price with a rebound.
13:48 of 1st period - Minor Penalty to Milan Michalek for Hooking.
13:49 of 1st period - Brad Richards wins face-off versus Travis Zajac in Blues zone.
14:44 of 1st period - Wrist shot by Alex Pietrangelo.
14:44 of 1st period - Deflect By Travis Zajac.
14:44 of 1st period - Shot Blocked by Marian Gaborik.
14:44 of 1st period - Puck is out of play.
14:45 of 1st period - Patrick Kaleta wins face-off versus Brad Richards in Coyotes zone.
15:48 of 1st period - Penalty to Milan Michalek is over, Milan Michalek is back on ice.
15:55 of 1st period - Snap shot by Alex Pietrangelo.
15:55 of 1st period - Deflect By Milan Michalek.
15:55 of 1st period - Shot Blocked by Anton Stralman.
15:55 of 1st period - Puck is out of play.
15:56 of 1st period - Travis Zajac wins face-off versus Chris Stewart in Coyotes zone.
16:03 of 1st period - Slapshot by B.J. Crombeen.
16:03 of 1st period - Shot Blocked by Josh Gorges.
16:12 of 1st period - Josh Gorges is hit by Jake Gardiner and loses puck.
16:15 of 1st period - Minor Penalty to Milan Michalek for Hooking.
16:16 of 1st period - Brad Richards wins face-off versus Patrick Kaleta in Blues zone.
16:21 of 1st period - Wrist shot by Marian Gaborik.
16:21 of 1st period - Shot Misses the Net.
16:23 of 1st period - Wrist shot by Kristopher Letang.
16:23 of 1st period - Shot Misses the Net.
16:43 of 1st period - Kristopher Letang is hit by Jason Pominville and loses puck.
16:54 of 1st period - Slapshot by Michael Del Zotto.
16:54 of 1st period - Deflect By Tyler Ennis.
16:54 of 1st period - Shot Misses the Net.
16:54 of 1st period - Puck is out of play.
16:55 of 1st period - Zach Parise wins face-off versus Travis Zajac in Blues zone.
17:26 of 1st period - Snap shot by Nazem Kadri.
17:26 of 1st period - Stopped by Carey Price with a rebound.
17:28 of 1st period - Wrist shot by Jarome Iginla.
17:28 of 1st period - Stopped by Carey Price with a rebound.
17:30 of 1st period - Snap shot by Jarome Iginla.
17:30 of 1st period - Goal by Jarome Iginla - Coyotes : 2 - Blues : 0.
17:31 of 1st period - Brad Richards wins face-off versus Nicklas Backstrom in neutral zone.
17:40 of 1st period - Snap shot by Brad Richards.
17:40 of 1st period - Shot Blocked by Jason Pominville.
18:03 of 1st period - Slapshot by Anton Stralman.
18:03 of 1st period - Stopped by Carey Price with a rebound.
18:05 of 1st period - Snap shot by Jarome Iginla.
18:05 of 1st period - Shot Misses the Net.
18:07 of 1st period - Snap shot by Jarome Iginla.
18:07 of 1st period - Goal by Jarome Iginla - Coyotes : 3 - Blues : 0.
18:08 of 1st period - Nicklas Backstrom wins face-off versus Brad Richards in neutral zone.
18:16 of 1st period - Snap shot by Nicklas Backstrom.
18:16 of 1st period - Shot Misses the Net.
18:18 of 1st period - Snap shot by Jason Pominville.
18:18 of 1st period - Stopped by Maxime Daigneault with a rebound.
18:34 of 1st period - Bryce Lampman is hit by Nazem Kadri and loses puck.
18:41 of 1st period - Slapshot by Tyler Ennis.
18:41 of 1st period - Shot Blocked by B.J. Crombeen.
18:43 of 1st period - Slapshot by Josh Gorges.
18:43 of 1st period - Stopped by Carey Price without a rebound.
18:44 of 1st period - Nicklas Backstrom wins face-off versus Nazem Kadri in Blues zone.
18:44 of 1st period - Nicklas Backstrom is hit by Tyler Ennis.
18:51 of 1st period - Off-side.
18:52 of 1st period - Nazem Kadri wins face-off versus Nicklas Backstrom in neutral zone.
18:57 of 1st period - Snap shot by Nazem Kadri.
18:57 of 1st period - Deflect By Tyler Ennis.
18:57 of 1st period - Goal by Tyler Ennis - Coyotes : 4 - Blues : 0.
18:57 of 1st period - Ray Emery enters game.
18:58 of 1st period - Brad Richards wins face-off versus Nicklas Backstrom in neutral zone.
19:56 of 1st period - Slapshot by Martin Samuelsson.
19:56 of 1st period - Shot Blocked by Bryce Lampman.
Goals for this period are 4 for Coyotes vs 0 for Blues.
Shots for this period are 12 for Coyotes vs 9 for Blues.
2nd period
0:01 of 2nd period - Nicklas Backstrom wins face-off versus Brad Richards in neutral zone.
0:16 of 2nd period - Wrist shot by Jason Pominville.
0:16 of 2nd period - Shot Blocked by Kristopher Letang.
1:00 of 2nd period - Minor Penalty to Marcel Hossa for Hooking.
1:01 of 2nd period - Travis Zajac wins face-off versus Brad Richards in Blues zone.
1:45 of 2nd period - Yann Sauvé is hit by Zach Parise and loses puck.
2:37 of 2nd period - Nazem Kadri is hit by Nicklas Backstrom and loses puck.
3:00 of 2nd period - Penalty to Marcel Hossa is over, Marcel Hossa is back on ice.
3:06 of 2nd period - Backhand shot by Jason Pominville.
3:06 of 2nd period - Stopped by Maxime Daigneault without a rebound.
3:07 of 2nd period - Nick Bonino wins face-off versus Nicklas Backstrom in Coyotes zone.
3:14 of 2nd period - Slapshot by Kristopher Letang.
3:14 of 2nd period - Deflect By Nicklas Backstrom.
3:14 of 2nd period - Stopped by Ray Emery without a rebound.
3:15 of 2nd period - Brad Richards wins face-off versus Nicklas Backstrom in Blues zone.
3:16 of 2nd period - Wrist shot by Zach Parise.
3:16 of 2nd period - Shot Misses the Net.
3:43 of 2nd period - Snap shot by Travis Zajac.
3:43 of 2nd period - Shot Blocked by Chris Stewart.
3:45 of 2nd period - Slapshot by Linus Omark.
3:45 of 2nd period - Shot Misses the Net.
3:47 of 2nd period - Snap shot by Travis Zajac.
3:47 of 2nd period - Stopped by Maxime Daigneault with a rebound.
3:49 of 2nd period - Slapshot by Jake Gardiner.
3:49 of 2nd period - Deflect By Travis Zajac.
3:49 of 2nd period - Stopped by Maxime Daigneault with a rebound.
4:01 of 2nd period - Slapshot by Tyler Ennis.
4:01 of 2nd period - Shot Blocked by Alex Pietrangelo.
4:07 of 2nd period - Tyler Ennis is hit by Bryce Lampman and loses puck.
4:31 of 2nd period - Patrick Kaleta is hit by Nick Bonino and loses puck.
4:48 of 2nd period - Snap shot by Brad Richards.
4:48 of 2nd period - Goal by Brad Richards - Coyotes : 5 - Blues : 0.
4:49 of 2nd period - Nicklas Backstrom wins face-off versus Brad Richards in neutral zone.
5:04 of 2nd period - Snap shot by Jason Pominville.
5:04 of 2nd period - Stopped by Maxime Daigneault with a rebound.
5:16 of 2nd period - Anton Stralman is hit by Bryce Lampman.
5:24 of 2nd period - Snap shot by Nazem Kadri.
5:24 of 2nd period - Shot Misses the Net.
5:26 of 2nd period - Snap shot by Nazem Kadri.
5:26 of 2nd period - Stopped by Ray Emery without a rebound.
5:27 of 2nd period - Zach Parise wins face-off versus Travis Zajac in Blues zone.
5:28 of 2nd period - Wrist shot by Marian Gaborik.
5:28 of 2nd period - Shot Misses the Net.
6:35 of 2nd period - Greg Zanon is hit by Tomas Plekanec and loses puck.
6:58 of 2nd period - Slapshot by Alex Pietrangelo.
6:58 of 2nd period - Shot Blocked by Brad Richards.
7:38 of 2nd period - Wrist shot by Chris Stewart.
7:38 of 2nd period - Stopped by Ray Emery with a rebound.
7:46 of 2nd period - Snap shot by Sergei Shirokov.
7:46 of 2nd period - Stopped by Maxime Daigneault with a rebound.
7:48 of 2nd period - Slapshot by Yann Sauvé.
7:48 of 2nd period - Shot Blocked by Brooks Laich.
7:58 of 2nd period - Snap shot by Enver Lisin.
7:58 of 2nd period - Stopped by Ray Emery with a rebound.
8:25 of 2nd period - Brad Richards is hit by B.J. Crombeen and loses puck.
8:42 of 2nd period - Wrist shot by Logan Couture.
8:42 of 2nd period - Shot Misses the Net.
8:44 of 2nd period - Wrist shot by Sergei Shirokov.
8:44 of 2nd period - Stopped by Maxime Daigneault without a rebound.
8:45 of 2nd period - Logan Couture wins face-off versus Nazem Kadri in Coyotes zone.
8:54 of 2nd period - Wrist shot by Nazem Kadri.
8:54 of 2nd period - Shot Misses the Net.
8:56 of 2nd period - Slapshot by Anton Stralman.
8:56 of 2nd period - Stopped by Ray Emery with a rebound.
8:58 of 2nd period - Snap shot by Kristopher Letang.
8:58 of 2nd period - Shot Blocked by Christian Ehrhoff.
9:33 of 2nd period - Snap shot by Travis Zajac.
9:33 of 2nd period - Shot Misses the Net.
9:35 of 2nd period - Slapshot by Linus Omark.
9:35 of 2nd period - Stopped by Maxime Daigneault without a rebound.
9:36 of 2nd period - Travis Zajac wins face-off versus Brooks Laich in Coyotes zone.
9:41 of 2nd period - Snap shot by Travis Zajac.
9:41 of 2nd period - Stopped by Maxime Daigneault without a rebound.
9:42 of 2nd period - Brad Richards wins face-off versus Nicklas Backstrom in Coyotes zone.
9:52 of 2nd period - Snap shot by Alex Pietrangelo.
9:52 of 2nd period - Shot Blocked by Anton Stralman.
10:10 of 2nd period - Slapshot by Travis Zajac.
10:10 of 2nd period - Stopped by Maxime Daigneault without a rebound.
10:11 of 2nd period - Nazem Kadri wins face-off versus Travis Zajac in Coyotes zone.
10:32 of 2nd period - Wrist shot by Jarome Iginla.
10:32 of 2nd period - Shot Blocked by Travis Zajac.
10:34 of 2nd period - Snap shot by Tyler Ennis.
10:34 of 2nd period - Stopped by Ray Emery with a rebound.
10:36 of 2nd period - Snap shot by Anton Stralman.
10:36 of 2nd period - Shot Blocked by Jake Gardiner.
10:38 of 2nd period - Snap shot by Nazem Kadri.
10:38 of 2nd period - Goal by Nazem Kadri - Coyotes : 6 - Blues : 0.
10:39 of 2nd period - Nicklas Backstrom wins face-off versus Brad Richards in neutral zone.
10:42 of 2nd period - Anton Stralman is hit by Milan Michalek and loses puck.
11:16 of 2nd period - Wrist shot by B.J. Crombeen.
11:16 of 2nd period - Shot Misses the Net.
11:48 of 2nd period - Snap shot by Marian Gaborik.
11:48 of 2nd period - Shot Blocked by Brock Trotter.
11:55 of 2nd period - Minor Penalty to Zach Parise for High sticking.
11:56 of 2nd period - Nicklas Backstrom wins face-off versus Brooks Laich in Coyotes zone.
12:58 of 2nd period - Snap shot by B.J. Crombeen.
12:58 of 2nd period - Shot Misses the Net.
13:08 of 2nd period - Slapshot by Alex Pietrangelo.
13:08 of 2nd period - Shot Blocked by Brad Richards.
13:10 of 2nd period - Slapshot by Alex Pietrangelo.
13:10 of 2nd period - Stopped by Maxime Daigneault with a rebound.
13:12 of 2nd period - Snap shot by B.J. Crombeen.
13:12 of 2nd period - Goal by B.J. Crombeen - Coyotes : 6 - Blues : 1.
13:13 of 2nd period - Logan Couture wins face-off versus Brad Richards in neutral zone.
13:18 of 2nd period - Slapshot by Logan Couture.
13:18 of 2nd period - Deflect By Brad Richards.
13:18 of 2nd period - Shot Misses the Net.
13:18 of 2nd period - Puck is out of play.
13:19 of 2nd period - Brad Richards wins face-off versus Logan Couture in Coyotes zone.
14:09 of 2nd period - Snap shot by Logan Couture.
14:09 of 2nd period - Shot Misses the Net.
14:31 of 2nd period - Snap shot by Enver Lisin.
14:31 of 2nd period - Stopped by Ray Emery with a rebound.
15:21 of 2nd period - Snap shot by Milan Michalek.
15:21 of 2nd period - Stopped by Maxime Daigneault without a rebound.
15:22 of 2nd period - Brad Richards wins face-off versus Nicklas Backstrom in Coyotes zone.
15:22 of 2nd period - Brad Richards is hit by Alex Pietrangelo.
15:48 of 2nd period - Nazem Kadri is hit by Bryce Lampman and loses puck.
16:22 of 2nd period - Icing by Josh Gorges.
16:23 of 2nd period - Nicklas Backstrom wins face-off versus Brooks Laich in Coyotes zone.
16:44 of 2nd period - Wrist shot by Brooks Laich.
16:44 of 2nd period - Stopped by Ray Emery without a rebound.
16:45 of 2nd period - Brad Richards wins face-off versus Travis Zajac in Blues zone.
16:54 of 2nd period - Wrist shot by Zach Parise.
16:54 of 2nd period - Stopped by Ray Emery without a rebound.
16:55 of 2nd period - Brad Richards wins face-off versus Travis Zajac in Blues zone.
17:06 of 2nd period - Wrist shot by Zach Parise.
17:06 of 2nd period - Stopped by Ray Emery with a rebound.
17:08 of 2nd period - Snap shot by Marian Gaborik.
17:08 of 2nd period - Shot Misses the Net.
17:10 of 2nd period - Wrist shot by Zach Parise.
17:10 of 2nd period - Stopped by Ray Emery without a rebound.
17:11 of 2nd period - Nazem Kadri wins face-off versus Nicklas Backstrom in Blues zone.
17:14 of 2nd period - Snap shot by Tyler Ennis.
17:14 of 2nd period - Deflect By Nazem Kadri.
17:14 of 2nd period - Shot Blocked by Jason Pominville.
17:14 of 2nd period - Puck is out of play.
17:15 of 2nd period - Nazem Kadri wins face-off versus Nicklas Backstrom in Blues zone.
17:16 of 2nd period - Snap shot by Jarome Iginla.
17:16 of 2nd period - Shot Blocked by Alex Pietrangelo.
17:26 of 2nd period - Wrist shot by Nicklas Backstrom.
17:26 of 2nd period - Deflect By Tyler Ennis.
17:26 of 2nd period - Shot Misses the Net.
17:26 of 2nd period - Puck is out of play.
17:27 of 2nd period - Brad Richards wins face-off versus Nicklas Backstrom in Coyotes zone.
17:33 of 2nd period - Minor Penalty to Jason Pominville for Hooking.
17:34 of 2nd period - Travis Zajac wins face-off versus Brad Richards in Blues zone.
18:00 of 2nd period - Snap shot by Tyler Ennis.
18:00 of 2nd period - Shot Blocked by Bryce Lampman.
18:22 of 2nd period - Wrist shot by Travis Zajac.
18:22 of 2nd period - Shot Misses the Net.
18:24 of 2nd period - Slapshot by Bryce Lampman.
18:24 of 2nd period - Shot Blocked by Josh Gorges.
18:26 of 2nd period - Snap shot by Bryce Lampman.
18:26 of 2nd period - Stopped by Maxime Daigneault without a rebound.
18:27 of 2nd period - Logan Couture wins face-off versus Nazem Kadri in Coyotes zone.
19:33 of 2nd period - Penalty to Jason Pominville is over, Jason Pominville is back on ice.
Goals for this period are 2 for Coyotes vs 1 for Blues.
Shots for this period are 13 for Coyotes vs 13 for Blues.
3rd period
0:01 of 3rd period - Brad Richards wins face-off versus Nicklas Backstrom in neutral zone.
0:05 of 3rd period - Jason Pominville beats up Kristopher Letang.
0:05 of 3rd period - Penalty to Jason Pominville for Fighting.
0:05 of 3rd period - Penalty to Kristopher Letang for Fighting.
0:06 of 3rd period - Brad Richards wins face-off versus Nicklas Backstrom in neutral zone.
0:09 of 3rd period - Nicklas Backstrom is hit by Zach Parise and loses puck.
0:32 of 3rd period - Marian Gaborik is hit by Alex Pietrangelo.
0:38 of 3rd period - Sergei Shirokov is hit by Marian Gaborik and loses puck.
0:45 of 3rd period - Snap shot by Zach Parise.
0:45 of 3rd period - Stopped by Ray Emery with a rebound.
0:51 of 3rd period - Wrist shot by Zach Parise.
0:51 of 3rd period - Goal by Zach Parise - Coyotes : 7 - Blues : 1.
0:52 of 3rd period - Nazem Kadri wins face-off versus Nicklas Backstrom in neutral zone.
1:19 of 3rd period - Bryce Lampman is hit by Enver Lisin.
1:26 of 3rd period - Alex Pietrangelo is hit by Anton Stralman and loses puck.
1:39 of 3rd period - Snap shot by Sergei Shirokov.
1:39 of 3rd period - Stopped by Maxime Daigneault with a rebound.
2:07 of 3rd period - Snap shot by Patrick Kaleta.
2:07 of 3rd period - Stopped by Maxime Daigneault without a rebound.
2:08 of 3rd period - Tomas Plekanec wins face-off versus Tyler Ennis in Coyotes zone.
2:09 of 3rd period - Wrist shot by Patrick Kaleta.
2:09 of 3rd period - Shot Misses the Net.
2:11 of 3rd period - Slapshot by Yann Sauvé.
2:11 of 3rd period - Deflect By Tyler Ennis.
2:11 of 3rd period - Stopped by Maxime Daigneault without a rebound.
2:12 of 3rd period - Nazem Kadri wins face-off versus Nicklas Backstrom in Coyotes zone.
2:15 of 3rd period - Wrist shot by Milan Michalek.
2:15 of 3rd period - Stopped by Maxime Daigneault without a rebound.
2:16 of 3rd period - Nazem Kadri wins face-off versus Nicklas Backstrom in Coyotes zone.
2:16 of 3rd period - Nazem Kadri is hit by Milan Michalek.
2:42 of 3rd period - Jarome Iginla is hit by Travis Zajac and loses puck.
3:31 of 3rd period - Slapshot by Nicklas Backstrom.
3:31 of 3rd period - Shot Blocked by Michael Del Zotto.
3:36 of 3rd period - Minor Penalty to Nicklas Backstrom for Hooking.
3:37 of 3rd period - Marian Gaborik wins face-off versus Travis Zajac in Blues zone.
5:05 of 3rd period - Penalty to Jason Pominville is over, Jason Pominville is back on ice.
5:06 of 3rd period - Bryce Lampman is hit by Jarome Iginla.
5:16 of 3rd period - Matt Niskanen is hit by Alex Pietrangelo and loses puck.
5:36 of 3rd period - Penalty to Nicklas Backstrom is over, Nicklas Backstrom is back on ice.
5:49 of 3rd period - Snap shot by Jason Pominville.
5:49 of 3rd period - Shot Blocked by Michael Del Zotto.
6:06 of 3rd period - Snap shot by Nicklas Backstrom.
6:06 of 3rd period - Goal by Nicklas Backstrom - Coyotes : 7 - Blues : 2.
6:07 of 3rd period - Nazem Kadri wins face-off versus Nicklas Backstrom in neutral zone.
6:21 of 3rd period - Snap shot by Tyler Ennis.
6:21 of 3rd period - Stopped by Ray Emery without a rebound.
6:22 of 3rd period - Brad Richards wins face-off versus Travis Zajac in Blues zone.
6:37 of 3rd period - Wrist shot by B.J. Crombeen.
6:37 of 3rd period - Shot Blocked by Kristopher Letang.
6:47 of 3rd period - Kristopher Letang is hit by Bryce Lampman and loses puck.
6:58 of 3rd period - Snap shot by Jarome Iginla.
6:58 of 3rd period - Stopped by Ray Emery with a rebound.
7:12 of 3rd period - Wrist shot by Alex Pietrangelo.
7:12 of 3rd period - Stopped by Maxime Daigneault with a rebound.
7:34 of 3rd period - Snap shot by B.J. Crombeen.
7:34 of 3rd period - Shot Misses the Net.
7:36 of 3rd period - Snap shot by Travis Zajac.
7:36 of 3rd period - Stopped by Maxime Daigneault with a rebound.
7:38 of 3rd period - Slapshot by Jake Gardiner.
7:38 of 3rd period - Stopped by Maxime Daigneault without a rebound.
7:39 of 3rd period - Nicklas Backstrom wins face-off versus Brad Richards in Coyotes zone.
7:42 of 3rd period - Slapshot by Nicklas Backstrom.
7:42 of 3rd period - Shot Blocked by Kristopher Letang.
7:44 of 3rd period - Snap shot by Milan Michalek.
7:44 of 3rd period - Shot Misses the Net.
7:46 of 3rd period - Slapshot by Victor Hedman.
7:46 of 3rd period - Shot Blocked by Zach Parise.
7:48 of 3rd period - Wrist shot by Milan Michalek.
7:48 of 3rd period - Stopped by Maxime Daigneault without a rebound.
7:49 of 3rd period - Brad Richards wins face-off versus Nicklas Backstrom in Coyotes zone.
7:49 of 3rd period - Brad Richards is hit by Jason Pominville.
7:52 of 3rd period - Milan Michalek beats up Zach Parise.
7:52 of 3rd period - Penalty to Milan Michalek for Fighting.
7:52 of 3rd period - Penalty to Zach Parise for Fighting.
7:53 of 3rd period - Nicklas Backstrom wins face-off versus Brad Richards in neutral zone.
7:55 of 3rd period - Minor Penalty to Jason Pominville for Holding.
7:56 of 3rd period - Brad Richards wins face-off versus Travis Zajac in Blues zone.
8:42 of 3rd period - Snap shot by Patrick Kaleta.
8:42 of 3rd period - Stopped by Maxime Daigneault with a rebound.
8:48 of 3rd period - Yann Sauvé is hit by Chris Stewart and loses puck.
9:55 of 3rd period - Penalty to Jason Pominville is over, Jason Pominville is back on ice.
11:18 of 3rd period - Greg Zanon is hit by Travis Zajac and loses puck.
11:29 of 3rd period - Christian Ehrhoff is hit by Greg Zanon and loses puck.
11:53 of 3rd period - Nick Bonino is hit by Victor Hedman and loses puck.
12:43 of 3rd period - Minor Penalty to Marcel Hossa for Roughing.
12:44 of 3rd period - Nazem Kadri wins face-off versus Travis Zajac in Blues zone.
12:52 of 3rd period - Penalty to Milan Michalek is over, Milan Michalek is back on ice.
12:57 of 3rd period - Slapshot by Nazem Kadri.
12:57 of 3rd period - Stopped by Ray Emery without a rebound.
12:58 of 3rd period - Travis Zajac wins face-off versus Brad Richards in Blues zone.
13:25 of 3rd period - Kristopher Letang is hit by Bryce Lampman.
13:31 of 3rd period - Slapshot by Josh Gorges.
13:31 of 3rd period - Goal by Josh Gorges - Coyotes : 8 - Blues : 2.
13:32 of 3rd period - Nicklas Backstrom wins face-off versus Brad Richards in neutral zone.
13:59 of 3rd period - Linus Omark is hit by Nazem Kadri and loses puck.
14:36 of 3rd period - Icing by Michael Del Zotto.
14:37 of 3rd period - Tomas Plekanec wins face-off versus Brooks Laich in Coyotes zone.
14:52 of 3rd period - Snap shot by Chris Stewart.
14:52 of 3rd period - Deflect By Nicklas Backstrom.
14:52 of 3rd period - Shot Misses the Net.
14:52 of 3rd period - Puck is out of play.
14:53 of 3rd period - Travis Zajac wins face-off versus Brad Richards in Blues zone.
15:26 of 3rd period - Backhand shot by Milan Michalek.
15:26 of 3rd period - Shot Blocked by Anton Stralman.
15:42 of 3rd period - Michael Del Zotto is hit by Marcel Hossa and loses puck.
15:48 of 3rd period - Greg Zanon is hit by Yann Sauvé.
17:32 of 3rd period - Snap shot by Brad Richards.
17:32 of 3rd period - Stopped by Ray Emery without a rebound.
17:33 of 3rd period - Travis Zajac wins face-off versus Brad Richards in Blues zone.
17:38 of 3rd period - Brad Richards is hit by Travis Zajac and loses puck.
18:21 of 3rd period - Marcel Hossa is hit by Matt Niskanen.
18:29 of 3rd period - Snap shot by Martin Samuelsson.
18:29 of 3rd period - Stopped by Ray Emery with a rebound.
18:31 of 3rd period - Slapshot by Greg Zanon.
18:31 of 3rd period - Stopped by Ray Emery with a rebound.
18:33 of 3rd period - Slapshot by Greg Zanon.
18:33 of 3rd period - Goal by Greg Zanon - Coyotes : 9 - Blues : 2.
18:34 of 3rd period - Nicklas Backstrom wins face-off versus Brad Richards in neutral zone.
18:37 of 3rd period - Slapshot by Bryce Lampman.
18:37 of 3rd period - Shot Misses the Net.
19:08 of 3rd period - Snap shot by Nazem Kadri.
19:08 of 3rd period - Stopped by Ray Emery with a rebound.
19:10 of 3rd period - Slapshot by Anton Stralman.
19:10 of 3rd period - Shot Misses the Net.
19:12 of 3rd period - Snap shot by Nazem Kadri.
19:12 of 3rd period - Stopped by Ray Emery with a rebound.
19:21 of 3rd period - Off-side.
19:22 of 3rd period - Logan Couture wins face-off versus Nick Bonino in neutral zone.
19:54 of 3rd period - Snap shot by Enver Lisin.
19:54 of 3rd period - Stopped by Ray Emery with a rebound.
19:56 of 3rd period - Wrist shot by Nick Bonino.
19:56 of 3rd period - Stopped by Ray Emery without a rebound.
19:57 of 3rd period - Nicklas Backstrom wins face-off versus Brad Richards in Blues zone.
19:57 of 3rd period - Nicklas Backstrom is hit by Marian Gaborik.
Goals for this period are 3 for Coyotes vs 1 for Blues.
Shots for this period are 14 for Coyotes vs 10 for Blues.
Back to the Top